 Dungeon Crawl Stone Soup version 0.23.1 (webtiles) character file.

Game seed: 14081866231906306048

366 ohad the Changer (level 6, -7/45 HPs)
             Began as an Octopode Transmuter on Mar 11, 2019.
             Mangled by HunterMK's ghost (16 damage)
             ... on level 3 of the Dungeon.
             The game lasted 00:09:36 (4708 turns).

ohad the Changer (Octopode Transmuter)              Turns: 4708, Time: 00:09:37

Health: -7/45      AC:  5    Str: 10    XL:     6   Next: 68%
Magic:  20/21      EV: 10    Int: 17    God:
Gold:   146        SH:  0    Dex: 12    Spells: 3/13 levels left

rFire    x . .     SeeInvis .     - Unarmed
rCold    + + +     Gourm    .   (shield currently unavailable)
rNeg     . . .     Faith    .   (helmet currently unavailable)
rPois    +         Spirit   .   (no amulet)
rElec    .         Reflect  .   p - ring of magical power
rCorr    .         Harm     .   (no ring)
MR       .....                  (no ring)
Stlth    +.........             (no ring)
HPRegen  0.15/turn              (no ring)
MPRegen  0.17/turn              (no ring)
                                (no ring)
                                (no ring)

@: ice-form
A: large, almost no armour, stealthy swim, amphibious, 8 rings, (constrict 8)
a: End Transformation


You were on level 3 of the Dungeon.
You were not hungry.
You were a creature of crystalline ice.
You visited 1 branch of the dungeon, and saw 3 of its levels.

You collected 146 gold pieces.

Inventory:

Hand Weapons
 g - a +2 dagger of venom (melded)
Missiles
 a - 103 arrows
Jewellery
 p - a ring of magical power (left front paw)
Scrolls
 b - 3 scrolls of amnesia {unknown}
 d - 3 scrolls of teleportation {unknown}
 e - 8 scrolls of identify {unknown}
 j - 2 scrolls of enchant weapon {unknown}
 k - 3 scrolls of fog {unknown}
 m - 2 scrolls of remove curse {unknown}
 o - 4 scrolls of magic mapping {unknown}
Potions
 f - a potion of magic {unknown}
 h - 2 potions of degeneration {unknown}
 i - a potion of might {unknown}
 l - 2 potions of curing {unknown}
 n - a potion of invisibility {unknown}
Comestibles
 c - 5 rations


   Skills:
 - Level 1.0 Fighting
 - Level 2.0 Dodging
 - Level 3.0 Unarmed Combat
 - Level 4.1 Spellcasting
 - Level 5.1 Transmutations
 + Level 1.8 Ice Magic


You had 3 spell levels left.
You knew the following spells:

 Your Spells              Type           Power        Failure   Level  Hunger
a - Beastly Appendage     Tmut           ###...       1%          1    None
b - Sticks to Snakes      Tmut           ###.....     2%          2    ##.....
c - Spider Form           Tmut/Pois      ##........   16%         3    ###....
d - Ice Form              Ice/Tmut       ###.....     36%         4    ####...

Your spell library contained the following spells:

 Spells                   Type           Power        Failure   Level  Hunger
 Confusing Touch          Hex            #.....       16%         1    None
 Confuse                  Hex            #.......     43%         3    ###....
 Gell's Gravitas          Tloc           #.........   43%         3    ###....
 Blade Hands              Tmut           ###.......   45%         5    ######.
 Petrify                  Tmut/Erth      ##......     47%         4    ####...
 Yara's Violent Unravell  Hex/Tmut       ##........   83%         5    ######.
 Metabolic Englaciation   Hex/Ice        #.........   96%         5    ######.


Dungeon Overview and Level Annotations

Branches:
Dungeon (3/15)

Altars:
Yredelemnul

Annotations:
D:3 HunterMK's ghost, amateur HOFi


Innate Abilities, Weirdness & Mutations

You cannot wear most types of armour.
You are very stealthy in the water. (Stealth+)
You are amphibious.
You can wear up to eight rings at the same time.
((You can use your tentacles to constrict eight enemies at once.))
((Your skin changes colour to match your surroundings (Stealth+).))
((Your rubbery body absorbs attacks. (AC +1, EV +1)))


Message History

You punch HunterMK's ghost! You freeze HunterMK's ghost.
HunterMK's ghost is heavily damaged.
HunterMK's ghost hits you.
You barely miss HunterMK's ghost.
HunterMK's ghost is heavily damaged.
HunterMK's ghost wails.
HunterMK's ghost hits you but does no damage.
You hit HunterMK's ghost but do no damage.
HunterMK's ghost is heavily damaged.
HunterMK's ghost hits you!
* * * LOW HITPOINT WARNING * * *
You hit HunterMK's ghost but do no damage.
HunterMK's ghost is heavily damaged.
HunterMK's ghost keens inconsolably.
HunterMK's ghost hits you.
* * * LOW HITPOINT WARNING * * *
You hit HunterMK's ghost. You freeze HunterMK's ghost.
HunterMK's ghost is heavily damaged.
HunterMK's ghost hits you!
You die...

#######.# #)#####..........#.#
#.######.#####.########.#.#
#.##...........# #.......#
#.##.###.####### #.......#
#....<...# #.......# ####.#####
#.......# ######### #.......#
#.#.#.#.#### #........
#.....#.WY.# #.......# ###
##....'.##.# ####.####
(.######.%...'..#.##########.#
^......##$...'.............#.####
#.######.....#.##.###.###........
..# #.#.#.#.##.# #.# #........
..# #######.##.# #.# ####.###.
..# #.....##.# #.# #.# #. ..#
#...).##.# #.# #.# #.


You could see HunterMK's ghost.

Vanquished Creatures
  An ogre (D:3)
  A crimson imp (D:3)
  A centaur skeleton (D:3)
  Jessica (D:2)
  An orc wizard (D:2)
  A worker ant (D:2)
  Robin (D:2)
  5 adders (D:3)
  An adder skeleton (D:3)
  3 worms (D:2)
  4 dart slugs
  4 orcs
  4 giant cockroaches
  5 hobgoblins
  4 jackals (D:3)
  6 kobolds
  A quokka (D:2)
  4 ball pythons
  9 bats
  3 frilled lizards
  16 goblins
  9 rats
85 creatures vanquished.

Notes
Turn   | Place    | Note
-------+----------+-------------------------------------------
     0 | D:1      | ohad the Octopode Transmuter began the quest for the Orb.
     0 | D:1      | Reached XP level 1. HP: 13/13 MP: 3/3
   289 | D:1      | Reached XP level 2. HP: 11/18 MP: 5/5
   293 | D:1      | Learned a level 2 spell: Sticks to Snakes
   678 | D:1      | Reached skill level 3 in Transmutations
  1304 | D:2      | Reached XP level 3. HP: 10/23 MP: 6/6
  1309 | D:2      | Learned a level 3 spell: Spider Form
  1700 | D:2      | Noticed Robin
  1728 | D:2      | Killed Robin
  1728 | D:2      | Reached skill level 4 in Transmutations
  1910 | D:2      | Found a basalt altar of Yredelemnul.
  1968 | D:2      | Reached XP level 4. HP: 26/28 MP: 7/7
  2536 | D:2      | Noticed Jessica
  2543 | D:2      | Killed Jessica
  2543 | D:2      | Reached skill level 5 in Transmutations
  2543 | D:2      | Reached XP level 5. HP: 33/33 MP: 1/8
  2626 | D:2      | Found a faded altar of an unknown god.
  3584 | D:3      | Found a runed translucent gate.
  3584 | D:3      | Found a runed translucent gate.
  3588 | D:3      | Found a runed translucent gate.
  3598 | D:3      | Noticed an ogre
  3608 | D:3      | Noticed HunterMK's ghost (amateur HOFi)
  3663 | D:3      | Killed an ogre
  3663 | D:3      | Reached XP level 6. HP: 24/38 MP: 11/11
  3720 | D:3      | Learned a level 4 spell: Ice Form
  4521 | D:3      | Reached skill level 1 in Ice Magic
  4708 | D:3      | Mangled by HunterMK's ghost

Skill      XL: |  1  2  3  4  5  6 |
---------------+-------------------+-----
Transmutations | 3 4 5 |  5.1
Spellcasting   | 3 4 |  4.1
Ice Magic      | 1 |  1.8
Fighting       | |  1.0
Dodging        | |  2.0
Unarmed Combat | |  3.0

Action                   |  1- 3 |  4- 6 || total
-------------------------+-------+-------++-------
Melee: Unarmed           |    36 |    27 ||    63
       Constrict         |    20 |    24 ||    44
       Kick              |     5 |     2 ||     7
       Tentacles         |     8 |    11 ||    19
       Punch             |     3 |     3 ||     6
       Dagger            |    44 |    88 ||   132
 Cast: Beastly Appendage |     6 |     6 ||    12
       Spider Form       |     1 |     2 ||     3
       Sticks to Snakes  |       |     2 ||     2
       Ice Form          |       |     1 ||     1
 Stab: Sleeping          |     5 |     7 ||    12
       Distracted        |       |     1 ||     1
  Eat: Chunk             |     4 |     9 ||    13
Armor: Skin              |     5 |     7 ||    12
Dodge: Dodged            |    37 |    61 ||    98
